 Dungeon Crawl Stone Soup version 0.27-a0-887-gcab673c142 (webtiles) character file.

Game seed: 2854148188672993248

149 dolemite99 the Slasher (level 5, -8/42 HPs)
             Began as a Minotaur Gladiator on Apr 3, 2021.
             Was a Believer of Elyvilon.
             Killed from afar by an orc wizard (13 damage)
             ... with a puff of flame
             ... on level 3 of the Dungeon.
             The game lasted 00:02:16 (2254 turns).

dolemite99 the Slasher (Minotaur Gladiator)         Turns: 2254, Time: 00:02:16

Health: -8/42      AC:  5    Str: 20    XL:     5   Next: 9%
Magic:  2/4        EV: 11    Int:  5    God:    Elyvilon [**....]
Gold:   82         SH:  0    Dex: 11    Spells: 4/4 levels left

rFire    . . .     SeeInvis .   a - +0 long sword
rCold    . . .     Faith    .   (no shield)
rNeg     . . .     Spirit   .   g - +0 ring mail
rPois    .         Reflect  .   c - +0 hat
rElec    .         Harm     .   (no cloak)
rCorr    .         Rampage  .   (no gloves)
Will     .....                  (no boots)
Stlth    +.........             s - amulet of magic regeneration
HPRegen  0.14/turn              (no ring)
MPRegen  0.34/turn              (no ring)

@: no status effects
A: horns 2, retaliatory headbutt
a: Renounce Religion, Lesser Healing, Heal Other, Divine Protection


You were on level 3 of the Dungeon.
You worshipped Elyvilon.
Elyvilon was pleased with you.
You visited 1 branch of the dungeon, and saw 3 of its levels.

You collected 82 gold pieces.

Inventory:

Hand Weapons
 a - a +0 long sword (weapon)
Missiles
 d - 3 throwing nets (quivered)
 l - 33 bolts
 m - 26 poisoned darts
 p - 55 stones
 r - 4 boomerangs of dispersal
Armour
 b - a +0 leather armour
 c - a +0 hat (worn)
 g - a +0 ring mail (worn)
Magical Staves
 h - a staff of fire
Jewellery
 f - a +6 ring of dexterity
 n - a ring of resist corrosion
 s - an amulet of magic regeneration (around neck)
Scrolls
 e - 2 scrolls of identify {unknown}
 i - 2 scrolls of amnesia {unknown}
 j - a scroll of enchant weapon {unknown}
 o - 2 scrolls of teleportation {unknown}
 q - a scroll of vulnerability {unknown}
 u - a scroll of fear {unknown}
Potions
 k - 2 potions of curing {unknown}
 t - a potion of haste {unknown}


   Skills:
 - Level 2.4 Fighting
 + Level 7.0 Long Blades
 - Level 2.0 Throwing
 - Level 3.2 Dodging


You had 4 spell levels left.
You didn't know any spells.
Your spell library contained the following spells:

 Spells                   Type           Power      Damage    Failure   Level
 Magic Dart               Conj           0%         1d3       67%         1
 Blink                    Tloc           N/A        N/A       80%         2
 Call Imp                 Summ           0%         N/A       80%         2
 Slow                     Hex            0%         N/A       80%         2
 Conjure Flame            Conj/Fire      0%         6-21      95%         3
 Mephitic Cloud           Conj/Pois/Air  0%         N/A       95%         3


Dungeon Overview and Level Annotations

Branches:
Dungeon (3/15)

Altars:
Elyvilon

Shops:
D:2 :


Innate Abilities, Weirdness & Mutations

You have a pair of horns on your head.
You reflexively headbutt those who attack you in melee.


Message History

The orc wizard shouts!
You hit the orc but do no damage. You headbutt the orc.
The orc is moderately wounded.
The orc hits you with a +0 falchion.
You slash the orc!
You kill the orc!
An orc priest comes into view. It is wielding a +0 morningstar.
The orc priest shouts!
You hear a shout!
The orc priest calls down the wrath of Beogh upon you.
Beogh smites you!
You see here a +0 falchion.
A kobold comes into view. It is wielding a +0 short sword.
The orc wizard gestures at you while chanting.
The magic dart hits you.
The orc priest calls down the wrath of Beogh upon you.
You barely resist.
The orc wizard hits you with a +0 dagger.
The kobold hits you with a +0 short sword.
You are healed.
The orc wizard hits you with a +0 dagger.
The kobold hits you with a +0 short sword.
You hit the orc priest.
The orc priest is moderately wounded.
The orc priest hits you with a +0 morningstar!
* * * LOW HITPOINT WARNING * * *
The orc wizard hits you with a +0 dagger.
* * * LOW HITPOINT WARNING * * *
The kobold hits you with a +0 short sword.
* * * LOW HITPOINT WARNING * * *
You are healed.
The orc priest barely misses you.
You riposte.
You closely miss the orc priest.
The orc priest is moderately wounded.
The orc wizard hits you but does no damage.
The kobold barely misses you.
You are healed.
The orc priest hits you with a +0 morningstar!
* * * LOW HITPOINT WARNING * * *
The orc wizard gestures at you while chanting.
The puff of flame hits you!
You die...

#..#### #..
#.....# #..
#.###.# #..
#.# #.# ##..
#.# #.# #
#... #.# #.#
.# #...
#.###.###.#
#......
#...).o.K.##
#.#####
#####..@o..#
# ######.#


You could see an orc priest, an orc wizard and a kobold.

Vanquished Creatures
  An orc priest (D:3)
  4 adders
  3 worms (D:2)
  A dart slug (D:1)
  3 orcs (D:3)
  9 ball pythons
  7 endoplasms
  A giant cockroach (D:3)
  7 goblins
  6 hobgoblins
  6 jackals
  3 quokkas
  4 bats
  3 frilled lizards (D:2)
  3 kobolds
  7 rats (D:1)
68 creatures vanquished.

Notes
Turn   | Place    | Note
-------+----------+-------------------------------------------
     0 | D:1      | dolemite99 the Minotaur Gladiator began the quest for the
                  | Orb.
     0 | D:1      | Reached XP level 1. HP: 18/18 MP: 0/0
    26 | D:1      | Found a faded altar of an unknown god.
    37 | D:1      | Became a worshipper of Elyvilon the Healer
    37 | D:1      | Reached * piety under Elyvilon
    53 | D:1      | Reached skill level 4 in Long Blades
    56 | D:1      | Reached XP level 2. HP: 22/25 MP: 1/1
   232 | D:1      | Reached skill level 5 in Long Blades
   238 | D:1      | Reached XP level 3. HP: 21/30 MP: 2/2
   890 | D:2      | Reached skill level 6 in Long Blades
   890 | D:2      | Reached XP level 4. HP: 32/37 MP: 3/3
  1064 | D:2      | Found Kuggaser's Book Emporium.
  1398 | D:2      | Reached ** piety under Elyvilon
  1975 | D:3      | Reached XP level 5. HP: 42/42 MP: 4/4
  2069 | D:3      | Reached skill level 7 in Long Blades
  2254 | D:3      | Killed from afar by an orc wizard

Illustrated notes

Levels and vault maps discovered:
D:1:      sevenhm_arrival_forest_fort_small_5, layout_rooms,
          ebering_ecumenical_altar_mist, st_stairs_12, corner_web_ring,
          minmay_small_reverse_x
D:2:      layout_basic, serial_shops, shop_statue,
          chequers_serial_rivers_micro_a, kennysheep_generic_room_14
D:3:      layout_loops_ring

Skill      XL: |  1  2  3  4  5 |
---------------+----------------+-----
Long Blades    | 4 5 6 7 |  7.0
Fighting       | |  2.4
Throwing       | |  2.0
Dodging        | |  3.2

Action                   |  1- 3 |  4- 6 || total
-------------------------+-------+-------++-------
Melee: Long sword        |    69 |    56 ||   125
       Headbutt          |    12 |    13 ||    25
Invok: Lesser Healing    |       |     3 ||     3
Armor: Leather armour    |     4 |       ||     4
       Ring mail         |    21 |    13 ||    34
Dodge: Dodged            |    50 |    31 ||    81
       Rpst.: Long sword |    16 |     6 ||    22

Table legend: (Time is in decaauts)
 A = Elapsed time spent in this place.
 B = Non-inter-level travel time spent in this place.
 C = Inter-level travel time spent in this place.
 D = Time resting spent in this place.
 E = Time spent auto-exploring this place.
 F = Levels seen in this place.
 G = Mean time per level.
                   A        B        C        D        E       F      G
               +--------+--------+--------+--------+--------+-----+--------+
         Total |   2274 |   2241 |     33 |    255 |   1507 |   3 |  758.0 |
       Dungeon |   2274 |   2241 |     33 |    255 |   1507 |   3 |  758.0 |
               +--------+--------+--------+--------+--------+-----+--------+

Top non-repeatable levels by time:
     D:2: 1177 daAuts
     D:1: 685 daAuts
     D:3: 412 daAuts
